 Dungeon Crawl Stone Soup version 0.29.0-10-g45618ea6d2 (webtiles) character file.

Game seed: 17945556343673804890

93 keekatzer the Trooper (level 4, -2/28 HPs)
             Began as a Gargoyle Gladiator on Sept 1, 2022.
             Was a Follower of Okawaru.
             Killed from afar by Sigmund (7 damage)
             ... with a bolt of dispelling energy
             ... on level 3 of the Dungeon.
             The game lasted 00:08:11 (1265 turns).

keekatzer the Trooper (Gargoyle Gladiator)          Turns: 1265, Time: 00:08:12

Health: -2/28      AC: 11    Str: 18    XL:     4   Next: 62%
Magic:  2/4        EV: 14    Int:  8    God:    Okawaru [*.....]
Gold:   97         SH:  0    Dex: 13    Spells: 3/3 levels left

rFire   . . .      SeeInvis .   a - +0 war axe
rCold   . . .      Faith    .   (no shield)
rNeg    + . .      Spirit   .   o - +0 ring mail
rPois   ∞          Reflect  .   c - +0 helmet
rElec   +          Harm     .   (no cloak)
rCorr   .          Rampage  .   (no gloves)
Will    .....                   (no boots)
Stlth   +.........              l - amulet of regeneration
HPRegen 0.89/turn               (no ring)
MPRegen 0.09/turn               (no ring)

@: confused, heroic
A: sickness immunity, AC +3, negative energy resistance 1, electricity
resistance, torment resistance 1, petrification resistance
a: Renounce Religion, Heroism


You were on level 3 of the Dungeon.
You worshipped Okawaru.
Okawaru was aware of your devotion.
You visited 1 branch of the dungeon, and saw 3 of its levels.

You collected 97 gold pieces.

Inventory:

Hand Weapons
 a - a +0 war axe (weapon)
 j - a +0 flail
 u - a +0 whip of freezing
Missiles
 d - 3 throwing nets (quivered)
 e - a javelin
Armour
 b - a +0 leather armour
 c - a +0 helmet (worn)
 o - a +0 ring mail (worn)
 s - a +0 chain mail
Magical Staves
 h - a staff of cold
Jewellery
 l - an amulet of regeneration (around neck)
 t - an amulet of faith
Scrolls
 f - a scroll of amnesia {unknown}
 g - 3 scrolls of teleportation {unknown}
 k - a scroll of identify {unknown}
 m - a scroll of enchant weapon {unknown}
 n - 2 scrolls of magic mapping {unknown}
 p - a scroll of vulnerability {unknown}
 q - a scroll of noise {unknown}
 r - a scroll of butterflies {unknown}
 v - a scroll of silence {unknown}
Potions
 i - 2 potions of curing {unknown}
 w - a potion of might {unknown}


   Skills:
 * Level 3.3(8.3) Fighting
 - Level 2.6(7.6) Axes
 - Level 1.7(6.7) Throwing
 * Level 2.2(7.2) Armour
 + Level 3.0(8.0) Dodging
 * Level 1.2 Invocations


You had 3 spell levels left.
You didn't know any spells.
Your spell library was empty.

Dungeon Overview and Level Annotations

Branches:
Dungeon (3/15)

Altars:
Cheibriados
Kikubaaqudgha
Okawaru
Wu Jian

Annotations:
D:3 Sigmund


Innate Abilities, Weirdness & Mutations

You are immune to sickness and miasma.
Your stone body is resilient. (AC +3)
You are immune to poison.
You resist negative energy. (rN+)
You are resistant to electric shocks. (rElec)
You are resistant to unholy torment.
You are immune to petrification.


Message History

You slash the goblin!
You kill the goblin!
Okawaru accepts your kill.
Things that are here:
a +0 club; a goblin corpse
w - a yellow potion Sigmund the Dreaded comes into view.
He is wielding a +0 scythe and carrying a wand of quicksilver (5).
Sigmund shouts!
Sigmund gestures at you while chanting. The puff of flame hits you.
A frilled lizard comes into view.
Sigmund closely misses you.
You gain the combat prowess of a mighty hero.
Sigmund hits you with a +0 scythe.
You closely miss Sigmund.
Sigmund zaps a wand.
The bolt of dispelling energy hits you!
You barely miss Sigmund. Sigmund misses you.
You slash Sigmund!
Sigmund is moderately wounded.
You closely miss Sigmund.
Sigmund is moderately wounded.
Sigmund zaps a wand.
The bolt of dispelling energy hits you!
Ouch! That really hurt!
* * * LOW HITPOINT WARNING * * *
You slash Sigmund!
Sigmund is almost dead.
Sigmund points at you and mumbles some strange words.
You are confused.
You bump into the rock wall.
Sigmund points at you and mumbles some strange words.
The puff of flame hits you.
* * * LOW HITPOINT WARNING * * *
You barely miss Sigmund.
Sigmund is almost dead.
Sigmund closely misses you.
You miss Sigmund.
Sigmund is almost dead.
Sigmund zaps a wand.
The bolt of dispelling energy hits you!
Your magical effects are unravelling.
You die...

#################
#.......#.......# ##
#.#####>#.#####.#
#####.##)#####.#.#####.#
.......#.##............#
#......##.##.#.##.#..#
#.#.##.##.##.#.#.....#
#....@.....#.......#
####@#######.#....## #l#
#.##.#.# ..# #......#
.... ####.### ..... ##
#†# #..... ###P####.#
#.... #⌠_.'..#.#
#⌠_.'....#


You could see Sigmund and a frilled lizard.

Vanquished Creatures
  An iron imp (D:3)
  Robin (D:3)
  An adder (D:2)
  9 ball pythons
  3 endoplasms
  8 goblins
  5 hobgoblins
  A quokka (D:3)
  4 bats
  3 frilled lizards
  2 kobolds
  3 rats
41 creatures vanquished.

Notes
Turn   | Place    | Note
-------+----------+-------------------------------------------
     0 | D:1      | keekatzer the Gargoyle Gladiator began the quest for the
                  | Orb.
     0 | D:1      | Reached XP level 1. HP: 12/12 MP: 1/1
   146 | D:1      | Reached XP level 2. HP: 18/18 MP: 2/2
   233 | D:1      | Found a faded altar of an unknown god.
   239 | D:1      | Prayed at the altar of an unknown god.
   239 | D:1      | Became a worshipper of Warmaster Okawaru
   239 | D:1      | Reached * piety under Okawaru
   512 | D:1      | Reached skill level 1 in Armour
   709 | D:2      | Reached XP level 3. HP: 22/22 MP: 3/3
   891 | D:2      | You fall into a shaft and drop 1 floor!
   976 | D:3      | Noticed Robin
  1018 | D:3      | Killed Robin
  1019 | D:3      | Reached skill level 1 in Invocations
  1019 | D:3      | Reached XP level 4. HP: 28/28 MP: 4/4
  1121 | D:3      | Found a snail-covered altar of Cheibriados.
  1213 | D:3      | Found an ornate altar of the Wu Jian Council.
  1213 | D:3      | Found an ancient bone altar of Kikubaaqudgha.
  1252 | D:3      | Noticed Sigmund
  1265 | D:3      | Killed from afar by Sigmund

Illustrated notes

Levels and vault maps discovered:
D:1:      mrwooster_arrival_statue_2, layout_loops_ring,
          shapermc_ecumenical_altar_hornbeckon
D:2:      layout_basic, uniq_terence, uniq_crazy_yiuf_cottage
D:3:      layout_loops_cross, gammafunk_temple_overflow_wave, slow_altar_2,
          minmay_door_square, feat_on_display, uniq_sigmund, uniq_robin

Skill      XL: |  1  2  3  4 |
---------------+-------------+-----
Armour         | 1 2 |  2.2
Fighting       | 3 |  3.3
Dodging        | 3 |  3.0
Invocations    | 1 |  1.2
Axes           | |  2.6
Throwing       | |  1.7

Action                   |  1- 3 |  4- 6 || total
-------------------------+-------+-------++-------
Melee: War axe           |    80 |    27 ||   107
Invok: Heroism           |       |     2 ||     2
Armor: Leather armour    |     7 |       ||     7
       Ring mail         |    39 |    15 ||    54
Dodge: Dodged            |    70 |    27 ||    97
